[Event "EYCC Girls-U18 2019"]
[Site "Bratislava"]
[Date "2019.08.02"]
[Round "1.1"]
[White "Koljevic, Nikolina"]
[Black "Badelka, Olga"]
[Result "0-1"]
[ECO "B56"]
[WhiteElo "1960"]
[BlackElo "2386"]
[Annotator "NA"]
[PlyCount "88"]
[EventDate "2019.08.02"]
[EventType "swiss"]
[EventCountry "SVK"]
[SourceTitle "playchess.com"]
[Source "ChessBase"]
[SourceQuality "1"]
[TimeControl "40/5400+30:1800+30"]

1. e4 c5 2. Nf3 d6 3. d4 cxd4 4. Nxd4 Nf6 5. Nc3 Nc6 6. g3 g6 7. Bg2 Nxd4 8. Qxd4 Bg7 9. O-O O-O 10. Qb4 a5 11. Qb3 Qc7 12. Be3 Be6 13. Nd5 Nxd5 14. exd5 Bf5 15. c3 a4 16. Qa3 b5 17. Rad1 Rfb8 18. Rfe1 Bf6 19. Bd4 Bxd4 20. Rxd4 Ra7 21. g4 Bc8 22. h3 Qc5 23. Qb4 a3 24. b3 Kf8 25. Qxc5 dxc5 26. Rde4 Ba6 27. Bf1 Rd8 28. c4 bxc4 29. Bxc4 Bxc4 30. Rxc4 Rxd5 31. Rec1 Ra5 32. Ra4 Rxa4 33. bxa4 Ke8 34. Rc3 Kd7 35. Rxa3 Kc6 36. Kf1 c4 37. a5 Rd7 38. Ke2 Kb5 39. Rc3 Kb4 40. Rc2 c3 41. f4 Kc4 42. Ke1 Ra7 43. Re2 Kd3 44. Kd1 Rb7 0-1

[Event "EYCC Girls-U18 2019"]
[Site "Bratislava"]
[Date "2019.08.02"]
[Round "1.2"]
[White "Afonasieva, Anna"]
[Black "Verbin, Valentina"]
[Result "1-0"]
[ECO "A46"]
[WhiteElo "2370"]
[BlackElo "1958"]
[Annotator "NA"]
[PlyCount "97"]
[EventDate "2019.08.02"]
[EventType "swiss"]
[EventCountry "SVK"]
[SourceTitle "playchess.com"]
[Source "ChessBase"]
[SourceQuality "1"]
[TimeControl "40/5400+30:1800+30"]

1. d4 Nf6 2. Nf3 e6 3. g3 b6 4. Bg2 Bb7 5. O-O c5 6. c4 cxd4 7. Nxd4 Bxg2 8. Kxg2 a6 9. Nc3 Qc7 10. Qd3 Qb7+ 11. f3 d6 12. e4 Nbd7 13. b3 Be7 14. Be3 Rc8 15. Rad1 O-O 16. Nde2 Ne5 17. Qd4 b5 18. cxb5 axb5 19. Rc1 Rc7 20. Rfd1 Rfc8 21. Qb6 Qxb6 22. Bxb6 Rb7 23. Be3 Re8 24. a4 bxa4 25. bxa4 Rb3 26. Bf2 g5 27. Nd4 Rb2 28. Rb1 Reb8 29. Rxb2 Rxb2 30. a5 Nc4 31. a6 Ne3+ 32. Kg1 Nxd1 33. a7 Nxf2 34. a8=Q+ Kg7 35. Qa7 Ng8 36. Nd5 Nh3+ 37. Kf1 Rf2+ 38. Ke1 exd5 39. Nf5+ Kf6 40. Qd4+ Ke6 41. Qxd5+ Kd7 42. Qxf7 g4 43. Qxg8 gxf3 44. Nd4 Rxh2 45. Nxf3 Rh1+ 46. Kd2 Nf2 47. Ke3 Nd1+ 48. Kf4 Rh6 49. Nd4 1-0

[Event "EYCC Girls-U18 2019"]
[Site "Bratislava"]
[Date "2019.08.02"]
[Round "1.3"]
[White "Koridze, Lile"]
[Black "Goltseva, Ekaterina"]
[Result "0-1"]
[ECO "E01"]
[WhiteElo "1950"]
[BlackElo "2304"]
[Annotator "NA"]
[PlyCount "80"]
[EventDate "2019.08.02"]
[EventType "swiss"]
[EventCountry "SVK"]
[SourceTitle "playchess.com"]
[Source "ChessBase"]
[SourceQuality "1"]
[TimeControl "40/5400+30:1800+30"]

1. d4 Nf6 2. c4 e6 3. g3 d5 4. Bg2 Bb4+ 5. Bd2 Be7 6. Nf3 O-O 7. O-O Nbd7 8. Qc2 c6 9. Bf4 Ne4 10. b3 f5 11. Nc3 g5 12. Bc1 Bf6 13. Ba3 Rf7 14. Rad1 Rg7 15. Bb2 h5 16. Nxe4 dxe4 17. Ne5 Qc7 18. Qd2 Kh7 19. Nxd7 Bxd7 20. f3 exf3 21. Rxf3 Rf8 22. Qc2 Kg8 23. e4 h4 24. e5 Be7 25. Qd2 g4 26. Rf2 Bg5 27. Qd3 f4 28. Be4 f3 29. Ba3 Be7 30. Bxe7 Rxe7 31. Qe3 Rg7 32. gxh4 Qd8 33. Qh6 Qe7 34. Kh1 Qf7 35. d5 cxd5 36. cxd5 Qf4 37. Qxf4 Rxf4 38. Rd4 Kf8 39. Rc4 b5 40. Rd4 exd5 0-1

[Event "EYCC Girls-U18 2019"]
[Site "Bratislava"]
[Date "2019.08.02"]
[Round "1.4"]
[White "Beydullayeva, Govhar"]
[Black "Nastase, Andreea-Cristina"]
[Result "1-0"]
[ECO "D11"]
[WhiteElo "2282"]
[BlackElo "1948"]
[Annotator "NA"]
[PlyCount "61"]
[EventDate "2019.08.02"]
[EventType "swiss"]
[EventCountry "SVK"]
[SourceTitle "playchess.com"]
[Source "ChessBase"]
[SourceQuality "1"]
[TimeControl "40/5400+30:1800+30"]

1. Nf3 Nf6 2. d4 d5 3. c4 c6 4. e3 dxc4 5. Bxc4 b5 6. Bd3 e6 7. O-O Nbd7 8. a4 b4 9. e4 Be7 10. Nbd2 c5 11. e5 Nd5 12. Re1 a5 13. Ne4 cxd4 14. Bb1 d3 15. Bxd3 Nc5 16. Nxc5 Bxc5 17. Ng5 Be7 18. Qh5 g6 19. Qg4 Ba6 20. Be4 Rc8 21. h4 Bxg5 22. Bxg5 Qd7 23. Bh6 Bb7 24. Rad1 Rc5 25. h5 Qxa4 26. hxg6 hxg6 27. Bxg6 Rxh6 28. Qxe6+ Kd8 29. Qf6+ Kc8 30. Bf5+ Kb8 31. Qxh6 1-0

[Event "EYCC Girls-U18 2019"]
[Site "Bratislava"]
[Date "2019.08.02"]
[Round "1.5"]
[White "Stroganova, Karina"]
[Black "Antova, Gabriela"]
[Result "0-1"]
[ECO "E07"]
[WhiteElo "1875"]
[BlackElo "2257"]
[Annotator "NA"]
[PlyCount "136"]
[EventDate "2019.08.02"]
[EventType "swiss"]
[EventCountry "SVK"]
[SourceTitle "playchess.com"]
[Source "ChessBase"]
[SourceQuality "1"]
[TimeControl "40/5400+30:1800+30"]

1. d4 d5 2. c4 e6 3. Nf3 Nf6 4. g3 Be7 5. Bg2 O-O 6. O-O c6 7. Nc3 Nbd7 8. Qd3 b6 9. e4 Ba6 10. b3 Rc8 11. Re1 Bb4 12. e5 dxc4 13. bxc4 Nd5 14. Bd2 Bxc3 15. Bxc3 c5 16. Bd2 h6 17. Rac1 cxd4 18. Qxd4 Ne7 19. Red1 Nf5 20. Qf4 Qc7 21. Bb4 Nc5 22. Nd4 Ne7 23. Nb5 Bxb5 24. cxb5 Ng6 25. Qe3 Nxe5 26. Bxc5 bxc5 27. f4 Ng4 28. Qe2 Nf6 29. Bc6 Rfd8 30. Qc4 Qb6 31. a4 Rd4 32. Rxd4 cxd4 33. Qc5 Nd5 34. Qxb6 axb6 35. Rc4 Ne7 36. Kf2 Rd8 37. Ke2 f6 38. Kd3 e5 39. fxe5 fxe5 40. Be4 Rd6 41. a5 bxa5 42. Rc5 a4 43. Rxe5 Kf7 44. Rc5 a3 45. Rc2 Nd5 46. Bxd5+ Rxd5 47. Ra2 Rxb5 48. Rxa3 Rb2 49. h4 Rb4 50. Ke4 Kg6 51. Ra5 d3+ 52. Kxd3 Rb3+ 53. Ke4 Rxg3 54. Kf4 Rg1 55. Rb5 h5 56. Rb6+ Kh7 57. Kf3 Rg4 58. Rb5 Rxh4 59. Kg3 Rg4+ 60. Kh3 Kh6 61. Ra5 Rb4 62. Rc5 Rb3+ 63. Kg2 h4 64. Rc4 Kh5 65. Rc5+ g5 66. Kh2 h3 67. Rc8 Kh4 68. Rh8+ Kg4 0-1

[Event "EYCC Girls-U18 2019"]
[Site "Bratislava"]
[Date "2019.08.02"]
[Round "1.6"]
[White "Gajcin, Marina"]
[Black "Belluire, Beatrice"]
[Result "1-0"]
[ECO "C11"]
[WhiteElo "2267"]
[BlackElo "1929"]
[Annotator "NA"]
[PlyCount "101"]
[EventDate "2019.08.02"]
[EventType "swiss"]
[EventCountry "SVK"]
[SourceTitle "playchess.com"]
[Source "ChessBase"]
[SourceQuality "1"]
[TimeControl "40/5400+30:1800+30"]

1. e4 e6 2. d4 d5 3. Nc3 Nf6 4. e5 Nfd7 5. Nce2 c5 6. c3 Nc6 7. f4 Be7 8. Nf3 b6 9. g3 O-O 10. Bh3 cxd4 11. Nfxd4 Nxd4 12. cxd4 f5 13. O-O Nb8 14. g4 g6 15. Be3 Bd7 16. Kh1 Kh8 17. Rg1 Nc6 18. Nc3 Qe8 19. Bf1 Rc8 20. Ba6 Rd8 21. Be2 Rg8 22. Qf1 Qf7 23. Qh3 Na5 24. Rad1 Nc4 25. Bc1 Na5 26. Bf3 Bc8 27. Rde1 Rge8 28. Rg2 Rg8 29. Bd1 Nc6 30. Qe3 Na5 31. Reg1 Nc4 32. Qf3 Na5 33. h4 Nc6 34. Be3 Na5 35. Rh2 Nc4 36. Bc1 Na5 37. Qe2 Nc6 38. Be3 Na5 39. h5 gxh5 40. g5 h4 41. Rxh4 Rg7 42. Qh2 Bd7 43. Rh6 Qg8 44. g6 Nc4 45. gxh7 Rxg1+ 46. Bxg1 Qg7 47. Rh3 Bb4 48. Bf2 Bf8 49. Bh4 Be7 50. Rg3 Qf7 51. Bh5 1-0

[Event "EYCC Girls-U18 2019"]
[Site "Bratislava"]
[Date "2019.08.02"]
[Round "1.7"]
[White "Kostecka, Marika"]
[Black "Nazarova, Anastasia"]
[Result "1/2-1/2"]
[ECO "B36"]
[WhiteElo "1924"]
[BlackElo "2149"]
[Annotator "NA"]
[PlyCount "144"]
[EventDate "2019.08.02"]
[EventType "swiss"]
[EventCountry "SVK"]
[SourceTitle "playchess.com"]
[Source "ChessBase"]
[SourceQuality "1"]
[TimeControl "40/5400+30:1800+30"]

1. e4 c5 2. Nf3 Nc6 3. d4 cxd4 4. Nxd4 g6 5. c4 Nf6 6. Nc3 d6 7. Nc2 Bg7 8. Be2 O-O 9. O-O Be6 10. Be3 Qa5 11. Bd2 Rfc8 12. f4 a6 13. Kh1 Qd8 14. Rc1 Rab8 15. Qe1 b5 16. cxb5 axb5 17. Bxb5 Na7 18. a4 Nxb5 19. Nxb5 Bc4 20. Rf3 Bxb5 21. axb5 Rxb5 22. b4 Rb7 23. Rc3 Rxc3 24. Bxc3 Rc7 25. Ra1 Rxc3 26. Qxc3 Nxe4 27. Qf3 Bxa1 28. Nxa1 d5 29. h3 Qb6 30. Nc2 Qc7 31. Nd4 Qc1+ 32. Kh2 Nd2 33. Qd3 Nf1+ 34. Kg1 Ng3+ 35. Kh2 Nf1+ 36. Kg1 Qxf4 37. Nc6 Ng3 38. Nxe7+ Kf8 39. Nxd5 Qc1+ 40. Kh2 Nf1+ 41. Kg1 Ne3+ 42. Kh2 Nxd5 43. Qxd5 Qf4+ 44. Kg1 Qxb4 45. Qe5 Qb6+ 46. Kh1 Kg8 47. Qe7 Kg7 48. Qe4 Qd6 49. Qe3 h5 50. Qg5 f6 51. Qe3 Qe5 52. Qf3 Kh6 53. Qa3 Kg5 54. Qb4 Qe3 55. Qc4 Qf4 56. Qb5+ f5 57. Qc5 Kh4 58. Qc3 Qf2 59. Qb4+ f4 60. Qe4 g5 61. Qg6 Qe1+ 62. Kh2 Qg3+ 63. Kg1 Qe1+ 64. Kh2 Qe5 65. Kg1 f3 66. Qc2 Qe1+ 67. Kh2 Qg3+ 68. Kg1 fxg2 69. Qe4+ Qf4 70. Qe1+ Qg3 71. Qe4+ Kxh3 72. Qh4+ Qxh4 1/2-1/2

[Event "EYCC Girls-U18 2019"]
[Site "Bratislava"]
[Date "2019.08.02"]
[Round "1.8"]
[White "Sliwicka, Alicja"]
[Black "Golub, Nikolina"]
[Result "1-0"]
[ECO "B54"]
[WhiteElo "2261"]
[BlackElo "1856"]
[Annotator "NA"]
[PlyCount "103"]
[EventDate "2019.08.02"]
[EventType "swiss"]
[EventCountry "SVK"]
[SourceTitle "playchess.com"]
[Source "ChessBase"]
[SourceQuality "1"]
[TimeControl "40/5400+30:1800+30"]

1. e4 c5 2. Nf3 d6 3. d4 cxd4 4. Nxd4 Nf6 5. f3 a6 6. c4 Nc6 7. Nc3 e6 8. Be2 Be7 9. Be3 O-O 10. O-O Qc7 11. Rc1 Rd8 12. Nd5 exd5 13. cxd5 Qb6 14. dxc6 bxc6 15. Nf5 Qb7 16. Nxe7+ Qxe7 17. Rxc6 Bb7 18. Rc3 d5 19. e5 Qxe5 20. Bd4 Qe6 21. Rb3 Bc6 22. Rb6 Rdb8 23. Rxb8+ Rxb8 24. Bxa6 Ra8 25. Bd3 Rxa2 26. Re1 Qd6 27. Qc2 Qb4 28. Qf2 Qd6 29. Be5 Qe7 30. Qh4 h6 31. Bc3 Qa7+ 32. Bd4 Ra4 33. Bxa7 Rxh4 34. g4 d4 35. Rc1 Bd7 36. Bb8 h5 37. Bg3 Rh3 38. g5 h4 39. Bf1 hxg3 40. Bxh3 Bxh3 41. gxf6 gxh2+ 42. Kxh2 Bf5 43. fxg7 Kxg7 44. Kg3 Kf6 45. Kf4 Ke6 46. b4 Bd3 47. Rd1 Bb5 48. Rxd4 f5 49. Rd1 Bc4 50. Re1+ Kf6 51. Re5 Bd3 52. b5 1-0

[Event "EYCC Girls-U18 2019"]
[Site "Bratislava"]
[Date "2019.08.02"]
[Round "1.9"]
[White "Chrysogelou, Athanasia-Panagiota"]
[Black "Schneider, Jana"]
[Result "0-1"]
[ECO "D30"]
[WhiteElo "1770"]
[BlackElo "2216"]
[Annotator "NA"]
[PlyCount "152"]
[EventDate "2019.08.02"]
[EventType "swiss"]
[EventCountry "SVK"]
[SourceTitle "playchess.com"]
[Source "ChessBase"]
[SourceQuality "1"]
[TimeControl "40/5400+30:1800+30"]

1. d4 d5 2. c4 e6 3. g3 dxc4 4. Bg2 c6 5. a4 Nd7 6. Qc2 e5 7. Nf3 exd4 8. Nxd4 Ne5 9. Qe4 Bd6 10. O-O Nf6 11. Qc2 O-O 12. Bf4 Qe7 13. Na3 Nd5 14. Bd2 Rd8 15. Rfd1 Bc5 16. Bc3 Bg4 17. h3 Bh5 18. Nf5 Qf6 19. Bxe5 Qxe5 20. g4 Bg6 21. Nxc4 Bxf5 22. gxf5 Qe7 23. e3 Qg5 24. Qe4 Ne7 25. Qe5 Qxf5 26. Qc7 Rxd1+ 27. Rxd1 Qc8 28. Rd7 Qe8 29. Qxb7 Rb8 30. Qc7 Rc8 31. Qb7 Rb8 32. Qc7 Rc8 33. Qb7 h6 34. a5 Rb8 35. Qc7 Rc8 36. Qb7 Rd8 37. Rxd8 Qxd8 38. Bxc6 Qd1+ 39. Kg2 Qe2 40. Bb5 Ng6 41. Qe4 Be7 42. Nd6 Qxb2 43. Nf5 Qxb5 44. Nxe7+ Nxe7 45. Qxe7 Qxa5 46. Qe8+ Kh7 47. Qxf7 Qg5+ 48. Kh2 Qe5+ 49. Kg2 a5 50. Qc4 Qg5+ 51. Kh2 Qe5+ 52. Kg2 Qe8 53. e4 a4 54. e5 Qg6+ 55. Kh2 a3 56. e6 Qf6 57. Qe4+ g6 58. Qe2 Qf4+ 59. Kg2 Qg5+ 60. Kh2 Qe7 61. Qd3 Kg7 62. Qd4+ Kg8 63. Qd7 Kf8 64. Qc8+ Kg7 65. Qc3+ Kg8 66. Qc8+ Qf8 67. Qc2 Qd6+ 68. Kg2 Qxe6 69. Qd3 a2 70. Qd8+ Kg7 71. Qd4+ Qf6 72. Qa7+ Qf7 73. Qd4+ Kh7 74. Qa4 Qd5+ 75. Kh2 Qe5+ 76. f4 Qb2+ 0-1

[Event "EYCC Girls-U18 2019"]
[Site "Bratislava"]
[Date "2019.08.02"]
[Round "1.10"]
[White "Muetsch, Annmarie"]
[Black "Poliakova, Varvara"]
[Result "1-0"]
[ECO "C45"]
[WhiteElo "2266"]
[BlackElo "1872"]
[Annotator "NA"]
[PlyCount "109"]
[EventDate "2019.08.02"]
[EventType "swiss"]
[EventCountry "SVK"]
[SourceTitle "playchess.com"]
[Source "ChessBase"]
[SourceQuality "1"]
[TimeControl "40/5400+30:1800+30"]

1. e4 e5 2. Nf3 Nc6 3. d4 exd4 4. Nxd4 Nf6 5. Nxc6 bxc6 6. e5 Qe7 7. Qe2 Nd5 8. c4 Nb6 9. Nc3 Qe6 10. Qe4 d5 11. exd6 Qxe4+ 12. Nxe4 cxd6 13. Bf4 d5 14. cxd5 Bb4+ 15. Bd2 Nxd5 16. Rc1 O-O 17. f3 Re8 18. Bxb4 f5 19. Ba3 fxe4 20. Rxc6 Bb7 21. Rc5 exf3+ 22. Kf2 Ne3 23. gxf3 Rad8 24. Bb4 Re6 25. Be2 Rde8 26. Re1 Ng2 27. Bc4 Nxe1 28. Bxe1 Ba6 29. Bb3 Kf8 30. Bxe6 Rxe6 31. Bc3 Rh6 32. Rc7 Rxh2+ 33. Kg3 Rh1 34. Bxg7+ Kg8 35. Bc3 h5 36. Kg2 Ra1 37. a3 h4 38. Rg7+ Kf8 39. Rxa7 Bf1+ 40. Kf2 h3 41. Rh7 Bg2 42. Kg3 Rg1 43. Be5 Re1 44. f4 Re3+ 45. Kf2 Rf3+ 46. Ke2 Rf1 47. b4 Rb1 48. f5 Rb3 49. f6 Bd5 50. a4 Ra3 51. a5 Bc4+ 52. Kd2 Bd5 53. Bd6+ Kg8 54. Rg7+ Kh8 55. f7 1-0

[Event "EYCC Girls-U18 2019"]
[Site "Bratislava"]
[Date "2019.08.02"]
[Round "1.11"]
[White "Kocyigit, Buse Naz"]
[Black "Represa Perez, Mireya"]
[Result "1-0"]
[ECO "A45"]
[WhiteElo "2045"]
[BlackElo "2017"]
[Annotator "NA"]
[PlyCount "85"]
[EventDate "2019.08.02"]
[EventType "swiss"]
[EventCountry "SVK"]
[SourceTitle "playchess.com"]
[Source "ChessBase"]
[SourceQuality "1"]
[TimeControl "40/5400+30:1800+30"]

1. d4 Nf6 2. Bg5 e6 3. e4 h6 4. Bxf6 Qxf6 5. c3 d6 6. Bd3 Nc6 7. Ne2 Bd7 8. O-O g6 9. Nd2 Bg7 10. f4 Qe7 11. b4 O-O 12. Qc2 f5 13. Rae1 Kh8 14. Nf3 Qf7 15. Ng3 Ne7 16. h4 Rac8 17. e5 Rg8 18. Kf2 Nd5 19. Qd2 b5 20. Rh1 Bf8 21. Rh3 Be7 22. Reh1 Ra8 23. c4 bxc4 24. Bxc4 Qe8 25. Bxd5 exd5 26. Rc1 Bd8 27. Ne2 Rb8 28. Qc3 Bb5 29. Ng3 Bc4 30. a3 a5 31. Nd2 axb4 32. axb4 Qa4 33. Nxc4 dxc4 34. h5 Rxb4 35. hxg6 Rxg6 36. Ra1 Qb5 37. Ra8 Rb3 38. Rxd8+ Kh7 39. Qa1 Rgxg3 40. Qa8 Rxh3 41. Rh8+ Kg6 42. Qg8+ Kh5 43. Qg5# 1-0

[Event "EYCC Girls-U18 2019"]
[Site "Bratislava"]
[Date "2019.08.02"]
[Round "1.12"]
[White "Sargsyan, Anna M."]
[Black "Balan, Briana-Cleopatra"]
[Result "1-0"]
[ECO "D31"]
[WhiteElo "2229"]
[BlackElo "1869"]
[Annotator "NA"]
[PlyCount "69"]
[EventDate "2019.08.02"]
[EventType "swiss"]
[EventCountry "SVK"]
[SourceTitle "playchess.com"]
[Source "ChessBase"]
[SourceQuality "1"]
[TimeControl "40/5400+30:1800+30"]

1. d4 d5 2. c4 e6 3. Nc3 a6 4. cxd5 exd5 5. Nf3 c6 6. Qc2 Bd6 7. Bg5 Ne7 8. Bxe7 Qxe7 9. Nxd5 Qd8 10. Nc3 O-O 11. e3 Bg4 12. Bd3 h6 13. Nd2 Nd7 14. h3 Be6 15. O-O Nb6 16. Nce4 Rc8 17. Nxd6 Qxd6 18. Ne4 Qe7 19. Nc5 Rb8 20. b4 Rfd8 21. a4 Nd5 22. Rab1 Nc7 23. b5 cxb5 24. axb5 axb5 25. Nxe6 Nxe6 26. Rxb5 b6 27. Rfb1 Rd6 28. Bc4 Nc7 29. Rf5 Rf6 30. Rxf6 Qxf6 31. Ra1 Qd6 32. Ra7 Rc8 33. Bxf7+ Kh8 34. Ba2 Qd8 35. Bb1 1-0

[Event "EYCC Girls-U18 2019"]
[Site "Bratislava"]
[Date "2019.08.02"]
[Round "1.13"]
[White "Buchta, Agnieszka"]
[Black "Radeva, Viktoria"]
[Result "0-1"]
[ECO "B41"]
[WhiteElo "1818"]
[BlackElo "2247"]
[Annotator "NA"]
[PlyCount "66"]
[EventDate "2019.08.02"]
[EventType "swiss"]
[EventCountry "SVK"]
[SourceTitle "playchess.com"]
[Source "ChessBase"]
[SourceQuality "1"]
[TimeControl "40/5400+30:1800+30"]

1. e4 c5 2. Nf3 e6 3. d4 cxd4 4. Nxd4 a6 5. Be2 Qc7 6. Nc3 b5 7. Bf3 Bb7 8. O-O Nc6 9. Bg5 Bc5 10. Nxc6 dxc6 11. e5 Qxe5 12. Ne4 Nf6 13. Nxf6+ gxf6 14. Bh4 Qd4 15. Qxd4 Bxd4 16. c3 Be5 17. a4 Ke7 18. Be4 Rhg8 19. h3 Bf4 20. Ra2 Rgd8 21. Rfa1 h6 22. Kf1 Bd6 23. Ke2 b4 24. cxb4 Bxb4 25. b3 a5 26. Rc1 Rd4 27. Ke3 Rad8 28. Rcc2 e5 29. g4 R8d6 30. Bg3 Ba6 31. Rxc6 Rxe4+ 32. Kxe4 Rxc6 33. f4 Rc3 0-1

[Event "EYCC Girls-U18 2019"]
[Site "Bratislava"]
[Date "2019.08.02"]
[Round "1.14"]
[White "Urh, Zala"]
[Black "Manova, Ivana"]
[Result "1-0"]
[ECO "D38"]
[WhiteElo "2072"]
[BlackElo "1845"]
[Annotator "NA"]
[PlyCount "47"]
[EventDate "2019.08.02"]
[EventType "swiss"]
[EventCountry "SVK"]
[SourceTitle "playchess.com"]
[Source "ChessBase"]
[SourceQuality "1"]
[TimeControl "40/5400+30:1800+30"]

1. d4 Nf6 2. c4 e6 3. Nc3 d5 4. Nf3 Bb4 5. Qc2 O-O 6. a3 Bxc3+ 7. Qxc3 dxc4 8. Qxc4 b6 9. h4 Ba6 10. Qc2 Nbd7 11. e4 Bxf1 12. Kxf1 c5 13. e5 Nd5 14. Ng5 g6 15. h5 Qe8 16. Nxh7 cxd4 17. hxg6 Nxe5 18. Nxf8 Qb5+ 19. Kg1 Rxf8 20. g7 Kxg7 21. Qh7+ Kf6 22. Qh4+ Kf5 23. Qg5+ Ke4 24. Rh4+ 1-0

[Event "EYCC Girls-U18 2019"]
[Site "Bratislava"]
[Date "2019.08.02"]
[Round "1.15"]
[White "Olde, Grete"]
[Black "Nestorovic, Katarina"]
[Result "1-0"]
[ECO "B23"]
[WhiteElo "1955"]
[BlackElo "2179"]
[Annotator "NA"]
[PlyCount "119"]
[EventDate "2019.08.02"]
[EventType "swiss"]
[EventCountry "SVK"]
[SourceTitle "playchess.com"]
[Source "ChessBase"]
[SourceQuality "1"]
[TimeControl "40/5400+30:1800+30"]

1. e4 c5 2. Nc3 d6 3. g3 Nc6 4. Bg2 g6 5. f4 Bg7 6. Nf3 e6 7. O-O Nge7 8. d3 Rb8 9. Be3 O-O 10. Qd2 b5 11. d4 Qb6 12. dxc5 dxc5 13. Qf2 Nd4 14. g4 Ba6 15. Rfe1 Rfd8 16. e5 Bb7 17. Rad1 Nxf3+ 18. Bxf3 Bxf3 19. Qxf3 f5 20. Qf2 fxg4 21. Bxc5 Qb7 22. Bxa7 Rxd1 23. Rxd1 Rf8 24. Bd4 g5 25. Qg3 Nf5 26. Qg2 Qxg2+ 27. Kxg2 Nxd4 28. Rxd4 gxf4 29. Nxb5 Bxe5 30. Re4 Rf5 31. c3 h5 32. Nd4 f3+ 33. Kf2 Bxd4+ 34. Rxd4 e5 35. Re4 Kf7 36. a4 Ke6 37. a5 Kd5 38. Ra4 e4 39. a6 Rf8 40. a7 e3+ 41. Kxe3 Ra8 42. h3 Kc5 43. hxg4 hxg4 44. Rxg4 Rxa7 45. Kxf3 Re7 46. Re4 Rb7 47. b4+ Kb5 48. Ke3 Rc7 49. Kd3 Ka4 50. Re1 Rc8 51. Kc2 Kb5 52. Kb3 Rf8 53. Re5+ Kc6 54. b5+ Kb6 55. Kb4 Rf4+ 56. c4 Rh4 57. Rd5 Rg4 58. Rd6+ Kc7 59. Rh6 Rf4 60. b6+ 1-0

[Event "EYCC Girls-U18 2019"]
[Site "Bratislava"]
[Date "2019.08.02"]
[Round "1.16"]
[White "Ziegenfuss, Antonia"]
[Black "Vidmar, Klara"]
[Result "1-0"]
[ECO "D10"]
[WhiteElo "2063"]
[BlackElo "1821"]
[Annotator "NA"]
[PlyCount "51"]
[EventDate "2019.08.02"]
[EventType "swiss"]
[EventCountry "SVK"]
[SourceTitle "playchess.com"]
[Source "ChessBase"]
[SourceQuality "1"]
[TimeControl "40/5400+30:1800+30"]

1. d4 d5 2. c4 c6 3. Nc3 Nf6 4. cxd5 cxd5 5. f3 Nc6 6. e4 dxe4 7. d5 Ne5 8. fxe4 e6 9. Nf3 Nxf3+ 10. Qxf3 exd5 11. Bb5+ Bd7 12. e5 Ne4 13. Rf1 f6 14. exf6 Nxf6 15. Qe2+ Qe7 16. Bxd7+ Kxd7 17. Be3 Re8 18. Rf3 Qb4 19. O-O-O Rc8 20. Rd4 Qa5 21. Kb1 Bd6 22. Rxf6 gxf6 23. Qg4+ Kc6 24. Rxd5 Qxd5 25. Qa4+ b5 26. Qa6+ 1-0

[Event "EYCC Girls-U18 2019"]
[Site "Bratislava"]
[Date "2019.08.02"]
[Round "1.17"]
[White "Muha, Magdalena"]
[Black "Kochukova, Anna"]
[Result "0-1"]
[ECO "A46"]
[WhiteElo "1797"]
[BlackElo "2148"]
[Annotator "NA"]
[PlyCount "64"]
[EventDate "2019.08.02"]
[EventType "swiss"]
[EventCountry "SVK"]
[SourceTitle "playchess.com"]
[Source "ChessBase"]
[SourceQuality "1"]
[TimeControl "40/5400+30:1800+30"]

1. d4 Nf6 2. Nf3 b5 3. Bf4 Bb7 4. e3 a6 5. c4 bxc4 6. Bxc4 e6 7. Qb3 Bxf3 8. gxf3 Nc6 9. Qd3 Nh5 10. Bg3 Nxg3 11. hxg3 Qf6 12. f4 Nb4 13. Qe2 Qg6 14. Kf1 Qe4 15. Kg1 Qb7 16. Nc3 Be7 17. a3 Nd5 18. Bd3 g6 19. Ne4 a5 20. Rc1 Rb8 21. Rc2 Nf6 22. Ng5 Qb6 23. Kh2 h5 24. f3 h4 25. Kg2 c5 26. dxc5 Bxc5 27. e4 Ke7 28. gxh4 Nh5 29. Nh3 Be3 30. f5 gxf5 31. exf5 Rhg8+ 32. Kh2 Qd6+ 0-1

[Event "EYCC Girls-U18 2019"]
[Site "Bratislava"]
[Date "2019.08.02"]
[Round "1.18"]
[White "Nilssen, Ellen Fredericia"]
[Black "Ucekajova, Veronika"]
[Result "1-0"]
[ECO "A90"]
[WhiteElo "2155"]
[BlackElo "1836"]
[Annotator "NA"]
[PlyCount "63"]
[EventDate "2019.08.02"]
[EventType "swiss"]
[EventCountry "SVK"]
[SourceTitle "playchess.com"]
[Source "ChessBase"]
[SourceQuality "1"]
[TimeControl "40/5400+30:1800+30"]

1. d4 e6 2. c4 f5 3. g3 Nf6 4. Bg2 c6 5. Nf3 d5 6. O-O Bd6 7. b3 Qe7 8. Ne5 O-O 9. Bb2 b6 10. cxd5 cxd5 11. Nc4 Re8 12. Nxd6 Qxd6 13. Ba3 Qd7 14. Nd2 Nc6 15. Nf3 a5 16. Rc1 Ba6 17. Ne5 Nxe5 18. dxe5 Ne4 19. Qd4 Qb7 20. Rc2 Rac8 21. Rfc1 Qb8 22. Bxe4 fxe4 23. Bd6 Rxc2 24. Rxc2 Qd8 25. Bc7 Qg5 26. Qxb6 Bd3 27. exd3 exd3 28. Qb5 Qg6 29. Rd2 Rc8 30. Qd7 Rf8 31. Bd6 Re8 32. Rxd3 1-0

[Event "EYCC Girls-U18 2019"]
[Site "Bratislava"]
[Date "2019.08.02"]
[Round "1.19"]
[White "Silva, Ana Ines Teixeira Da"]
[Black "Maksimovic, Masa"]
[Result "0-1"]
[ECO "B06"]
[WhiteElo "1730"]
[BlackElo "2102"]
[Annotator "ChessBase"]
[PlyCount "186"]
[EventDate "2019.08.02"]
[EventType "swiss"]
[EventCountry "SVK"]
[SourceTitle "playchess.com"]
[Source "ChessBase"]
[SourceQuality "1"]
[TimeControl "40/5400+30:1800+30"]

1. e4 g6 2. d4 Bg7 3. Nc3 d6 4. g3 Nf6 5. Bg2 O-O 6. Nge2 Nbd7 7. O-O c5 8. d5 Rb8 9. a4 b6 10. h3 a6 11. g4 Ne8 12. Ng3 Nc7 13. Nce2 b5 14. axb5 axb5 15. c3 Bb7 16. Be3 Nb6 17. Qc1 Re8 18. Bh6 Bh8 19. f4 e6 20. dxe6 Rxe6 21. f5 Re8 22. fxg6 fxg6 23. Qf4 Qe7 24. h4 Be5 25. Qf2 Ne6 26. h5 Ng7 27. hxg6 hxg6 28. b3 Rf8 29. Qe3 Rxf1+ 30. Rxf1 Rf8 31. Bg5 Rxf1+ 32. Nxf1 Qf7 33. b4 Nc4 34. Qf2 Ne6 35. Qxf7+ Kxf7 36. Bh4 cxb4 37. cxb4 Nd4 38. Nc3 Nf3+ 39. Bxf3 Bxc3 40. Bg3 Bxb4 41. Kf2 Bc8 42. Ke2 Kf6 43. Bf4 g5 44. Bc1 Bc5 45. Ng3 b4 46. e5+ Nxe5 47. Ne4+ Kg6 48. Bxg5 Ba6+ 49. Kd1 Nxf3 50. Nxc5 dxc5 51. Be7 b3 52. Bxc5 Bd3 53. Kc1 Kg5 54. Kb2 Bc2 55. Bb4 Kxg4 56. Bc3 Kf5 57. Kc1 Ke4 58. Kb2 Kd3 59. Bh8 Nd2 60. Bg7 Nc4+ 61. Kc1 Ke4 62. Bh8 Kd5 63. Bg7 Kc5 64. Bf8+ Kb5 65. Bg7 Ka4 66. Bf8 Bg6 67. Bg7 Ka3 68. Bf8+ Ka2 69. Bg7 b2+ 70. Bxb2 Nxb2 71. Kd2 Kb3 72. Ke3 Kc3 73. Kf4 Kd4 74. Kg5 Be4 75. Kf6 Nc4 76. Ke6 Ne3 77. Kd6 Bd5 78. Ke7 Ke5 79. Kd7 Nc4 80. Kc7 Ke6 81. Kd8 Bc6 82. Kc7 Bb5 83. Kd8 Ba4 84. Kc7 Ke7 85. Kc8 Bb5 86. Kc7 Bd7 87. Kb7 Kd6 88. Ka7 Kc6 89. Ka6 Kc7 90. Ka7 Bc8 91. Ka8 Ne5 92. Ka7 Nc6+ 93. Ka8 Bb7# 0-1

[Event "EYCC Girls-U18 2019"]
[Site "Bratislava"]
[Date "2019.08.02"]
[Round "1.20"]
[White "Grigorieva, Yulia"]
[Black "Smetisko, Marija"]
[Result "1-0"]
[ECO "D82"]
[WhiteElo "2096"]
[BlackElo "1814"]
[Annotator "NA"]
[PlyCount "63"]
[EventDate "2019.08.02"]
[EventType "swiss"]
[EventCountry "SVK"]
[SourceTitle "playchess.com"]
[Source "ChessBase"]
[SourceQuality "1"]
[TimeControl "40/5400+30:1800+30"]

1. d4 Nf6 2. c4 g6 3. Nc3 d5 4. Bf4 c6 5. e3 Bg7 6. Nf3 Qb6 7. Qd2 Na6 8. h3 Bf5 9. Be2 O-O 10. c5 Qa5 11. O-O b6 12. a3 b5 13. Nxd5 Qd8 14. Nxf6+ Bxf6 15. a4 Nc7 16. Bxc7 Qxc7 17. axb5 cxb5 18. Bxb5 Qb7 19. Ba6 Qd5 20. Qe2 Rab8 21. Bc4 Qe4 22. Ne1 Kh8 23. Rxa7 Rfc8 24. Bd3 Qh4 25. Nf3 Qh5 26. e4 Bxh3 27. gxh3 Qxh3 28. e5 Rxb2 29. Qe4 Rcb8 30. exf6 R2b3 31. Rxe7 Rg8 32. Ng5 1-0